Map: Curious Minds LE

Players

Gungnir - Winner!

  • Race: Terran Terran
  • League: Platinum
  • Spawn Location: 5:00

fosho

  • Race: Protoss Protoss
  • League: Master
  • Spawn Location: 11:00

VOD

Have the link to the VOD?

Description

Time

  • Played on: June 7, 2022, 9:16 a.m.
  • Length: 23:27
Show
View Real Time Build Order
Export as new Build Order

Gungnir Terran - Winner!

Build Orders:  

Get SALT Encoding   

  12  0:00  SCV  
  13  0:12  SCV  
  14  0:17  Supply Depot  
  14  0:24  SCV  
  15  0:39  SCV  
  15  0:41  Barracks  
  16  0:47  Refinery  
  16  0:51  SCV  
  17  0:58  Refinery  
  17  1:28  Barracks  
  17  1:29  Barracks  
  17  1:41  Reaper  
  18  2:04  Bunker  
  18  2:10  Bunker  
  18  2:14  Reaper  
  19  2:18  Reaper  
  20  2:24  Reaper  
  20  2:27  SCV  
  22  2:39  SCV  
  23  3:08  Supply Depot  
  23  3:09  Supply Depot  
  23  3:23  Reaper  
  23  3:30  Reaper x2  
  25  3:37  SCV  
  25  3:49  SCV  
  25  3:55  Reaper  
  25  4:01  SCV  
  25  4:02  Reaper x2  
  29  4:13  SCV  
  30  4:21  Factory  
  30  4:28  Factory, Reaper  
  30  4:34  Reaper x2  
  32  5:00  Reaper  
  32  5:39  Factory Tech Lab  
  32  5:40  Factory Tech Lab  
  32  5:47  Starport  
  32  5:48  Starport  
  32  5:49  Orbital Command  
  32  5:51  Engineering Bay  
  32  5:54  Marine x3  
  34  6:12  Marine x2  
  36  6:18  Command Center  
  36  6:28  Missile Turret  
  35  7:06  Siege Tank  
  38  7:21  Medivac  
  39  7:30  Medivac, Siege Tank  
  39  7:32  Missile Turret  
  39  7:36  Planetary Fortress  
  42  7:49  Missile Turret  
  40  7:52  Marine x3  
  43  8:04  Missile Turret  
  41  8:30  SCV  
  42  8:37  Starport Reactor  
  42  8:38  Starport Tech Lab  
  42  8:42  SCV  
  43  8:52  Marine x3  
  43  8:54  SCV  
  47  9:06  SCV, Cyclone  
  47  9:07  Cyclone  
  54  9:30  SCV x2, Marine x3  
  59  9:39  Raven  
  59  9:40  Command Center  
  59  9:43  SCV  
  62  10:22  Supply Depot  
  62  10:28  Supply Depot  
  62  10:35  Supply Depot  
  62  10:43  Marine x3  
  62  10:44  SCV x2  
  62  10:46  Refinery  
  67  10:55  Missile Turret  
  67  10:56  SCV  
  68  11:01  Marine x3  
  71  11:08  SCV  
  72  11:19  Marine x3  
  72  11:20  SCV  
  76  11:28  Sensor Tower  
  76  11:32  SCV, Sensor Tower  
  77  11:34  Orbital Command  
  77  11:37  Marine x3  
  80  11:46  SCV x2  
  82  11:55  Marine  
  82  11:58  SCV  
  82  11:59  SCV  
  85  12:10  SCV x2  
  85  12:11  SCV  
  85  12:12  Marine x3  
  91  12:16  Siege Tank  
  91  12:21  Sensor Tower  
  91  12:22  SCV  
  95  12:47  Barracks Tech Lab x2  
  95  12:57  Barracks Reactor, Medivac  
  97  12:59  Medivac  
  99  13:08  Siege Tank x2  
  105  13:13  Supply Depot x2  
  105  13:15  Supply Depot  
  105  13:18  Refinery  
  105  13:25  SCV  
  105  13:26  SCV x2  
  108  13:38  SCV  
  108  13:40  Command Center  
  109  14:02  Marauder, Marine x2  
  111  14:03  Marine  
  114  14:13  SCV x3  
  117  14:20  Marine x3  
  117  14:24  Missile Turret, Marauder  
  122  14:25  SCV x2  
  124  14:35  Refinery  
  124  14:37  Combat Shield  
  124  14:38  Concussive Shells  
  124  14:39  Marauder  
  126  14:46  Missile Turret  
  126  14:53  Engineering Bay  
  126  14:54  Refinery  
  126  15:04  SCV x3  
  130  15:08  Orbital Command  
  130  15:12  Missile Turret  
  129  15:16  SCV x3  
  132  15:21  Stimpack  
  132  15:22  Missile Turret  
  132  15:28  SCV x3  
  132  15:32  Terran Infantry Weapons Level 1  
  132  15:33  Missile Turret  
  132  15:34  Missile Turret  
  135  15:44  Armory  
  135  15:46  Engineering Bay  
  135  15:48  Armory  
  135  15:56  Missile Turret  
  135  15:57  Command Center  
  135  16:01  Marauder x2  
  135  16:02  Marine x2  
  141  16:15  Armory, Neosteel Armor, Terran Infantry Armor Level 1  
  137  16:20  Marine  
  137  16:22  Marine  
  137  16:23  Marauder x2  
  140  16:37  Marine  
  141  16:40  Marine  
  141  16:41  Barracks  
  141  16:43  Marine  
  143  16:47  Barracks x2  
  143  16:49  Barracks  
  143  17:08  Missile Turret  
  143  17:10  Missile Turret  
  143  17:12  Missile Turret  
  143  17:17  Marine  
  143  17:18  Marine x3  
  143  17:22  Missile Turret  
  147  17:26  Hi-Sec Auto Tracking  
  147  17:28  Terran Ship Weapons Level 1, Terran Vehicle And Ship Armor Level 1  
  147  17:29  Terran Vehicle Weapons Level 1  
  147  17:30  Barracks  
  147  17:32  Missile Turret  
  147  17:33  Missile Turret  
  147  17:34  Missile Turret  
  147  17:35  Marine  
  147  17:36  Marine x3  
  144  17:48  Barracks Reactor  
  144  17:49  Barracks Reactor x2  
  142  17:53  Marine  
  142  17:54  Marine x3  
  142  17:58  Barracks Reactor  
  131  18:11  Marine x2  
  123  18:18  Barracks  
  102  18:39  Marine  
  102  18:40  Marine x12  
  109  18:47  Medivac x2  
  113  18:53  Raven  
  113  18:57  Marine x3  
  113  18:58  Marine x6  
  121  19:08  Marine x4  
  121  19:09  Marine  
  126  19:11  Thor  
  126  19:12  Thor  
  126  19:15  Marine  
  126  19:16  Terran Infantry Weapons Level 2  
  139  19:17  Medivac, Terran Infantry Armor Level 2  
  135  19:29  Marine x3  
  135  19:30  Marine x7  
  135  19:31  Marine  
  130  20:05  Marine  
  130  20:06  Marine x12  
  143  20:08  Thor x2  
  155  20:28  Missile Turret  
  155  20:29  Missile Turret x2  
  155  20:35  Missile Turret  
  155  20:46  Missile Turret  
  155  20:48  Missile Turret, Command Center  
  155  20:56  Missile Turret x2  
  155  20:57  Missile Turret  
  155  21:00  Missile Turret  
  152  21:09  Medivac x2  
  155  21:23  Orbital Command  
  155  21:25  SCV  
  156  21:29  Refinery  
  156  21:32  Refinery  
  156  21:51  SCV, Medivac x2  
  156  21:52  SCV x2, Thor  
  169  21:55  Thor  
  169  22:00  Command Center  
  175  22:01  Command Center  
  175  22:03  Orbital Command  
  175  22:04  SCV x3, Missile Turret  
  175  22:07  Missile Turret  
  178  22:09  Missile Turret  
  178  22:12  SCV  
  179  22:16  SCV x3, Marine x13  
  195  22:29  Marine  
  195  22:54  SCV  
Show
View Real Time Build Order
Export as new Build Order

fosho Protoss 

Build Orders: 1 Gate Expand, Carriers 

Get SALT Encoding   

  12  0:04  Probe  
  13  0:16  Probe  
  14  0:25  Pylon  
  14  0:28  Probe  
  15  0:43  Probe (Chrono Boost)  
  15  0:45  Gateway  
  16  0:50  Assimilator  
  16  0:54  Probe (Chrono Boost)  
  17  0:58  Probe (Chrono Boost)  
  18  1:09  Probe  
  19  1:28  Nexus  
  19  1:41  Cybernetics Core  
  19  1:48  Probe (Chrono Boost)  
  19  1:49  Assimilator  
  20  2:00  Probe (Chrono Boost)  
  21  2:07  Probe (Chrono Boost)  
  22  2:12  Warp Gate (Chrono Boost)  
  22  2:16  Pylon  
  22  2:17  Probe  
  23  2:34  Adept, Probe  
  26  2:37  Stargate  
  25  3:10  Adept  
  19  3:52  Stalker  
  19  4:01  Probe (Chrono Boost)  
  21  4:10  Probe (Chrono Boost)  
  21  4:13  Pylon  
  21  4:18  Probe (Chrono Boost)  
  21  4:19  Probe (Chrono Boost)  
  23  4:27  Zealot  
  23  4:29  Probe (Chrono Boost)  
  26  4:33  Probe (Chrono Boost)  
  27  4:38  Forge  
  27  4:44  Shield Battery  
  26  5:02  Stalker  
  25  5:27  Photon Cannon  
  23  5:30  Shield Battery  
  23  5:41  Stalker  
  25  5:45  Photon Cannon  
  25  5:50  Photon Cannon  
  25  5:54  Photon Cannon  
  25  6:08  Stalker  
  25  6:09  Oracle (Chrono Boost)  
  30  6:21  Gateway  
  30  6:22  Gateway  
  30  6:24  Pylon  
  30  6:42  Stalker  
  33  6:47  Probe  
  33  6:59  Probe (Chrono Boost)  
  34  7:11  Probe (Chrono Boost)  
  34  7:12  Zealot  
  37  7:16  Zealot  
  37  7:17  Zealot  
  37  7:18  Probe (Chrono Boost)  
  42  7:25  Probe  
  40  7:49  Probe  
  39  7:56  Stalker  
  39  7:57  Nexus  
  39  7:58  Sentry x2  
  43  8:01  Probe  
  35  8:34  Pylon  
  34  8:49  Protoss Ground Weapons Level 1  
  34  8:51  Robotics Facility  
  34  8:54  Zealot  
  34  8:55  Zealot  
  42  8:56  Void Ray, Zealot  
  44  9:10  Probe (Chrono Boost)  
  44  9:13  Photon Cannon  
  45  9:20  Probe (Chrono Boost)  
  46  9:25  Probe (Chrono Boost)  
  46  9:30  Photon Cannon  
  47  9:31  Sentry  
  47  9:33  Sentry  
  51  9:41  Shield Battery  
  51  9:44  Probe  
  53  10:00  Probe  
  53  10:01  Probe  
  53  10:03  Assimilator  
  54  10:08  Shield Battery  
  54  10:11  Photon Cannon  
  54  10:30  Probe (Chrono Boost)  
  54  10:33  Fleet Beacon  
  55  10:40  Probe (Chrono Boost), Pylon  
  56  10:45  Probe (Chrono Boost), Phoenix  
  57  10:52  Stargate  
  57  10:58  Pylon  
  57  11:04  Assimilator  
  57  11:06  Sentry  
  57  11:07  Stalker, Zealot  
  63  11:20  Tempest (Chrono Boost)  
  68  11:27  Probe  
  68  11:31  Warp Prism  
  71  11:45  Carrier (Chrono Boost)  
  77  12:04  Tempest (Chrono Boost)  
  82  12:13  Probe  
  82  12:15  Probe  
  84  12:24  Pylon  
  84  12:42  Carrier  
  90  13:02  Pylon  
  90  13:20  Pylon, Carrier (Chrono Boost)  
  90  13:22  Pylon  
  96  13:28  Nexus  
  96  13:32  Pylon  
  96  13:40  Stargate  
  102  13:54  Probe (Chrono Boost), Carrier (Chrono Boost)  
  103  14:04  Probe (Chrono Boost)  
  103  14:09  Probe (Chrono Boost)  
  104  14:15  Pylon  
  104  14:16  Tempest (Chrono Boost)  
  109  14:27  Carrier (Chrono Boost)  
  115  14:48  Pylon  
  115  14:51  Pylon  
  115  15:03  Carrier (Chrono Boost)  
  126  15:07  Tempest (Chrono Boost)  
  126  15:11  Pylon  
  126  15:14  Pylon  
  126  15:29  Carrier (Chrono Boost)  
  132  15:49  Protoss Air Weapons Level 1 (Chrono Boost)  
  132  15:52  Tempest  
  137  16:00  Zealot  
  137  16:01  Zealot x2  
  143  16:06  Pylon  
  143  16:09  Pylon  
  141  16:27  Tempest (Chrono Boost)  
  146  16:39  Carrier (Chrono Boost)  
  150  17:07  Carrier  
  156  17:16  Pylon  
  156  17:54  Carrier  
  79  19:01  Warp Prism  
  57  20:06  Carrier  
  58  20:21  Warp Prism (Chrono Boost)  
  60  21:47  Nexus  
  60  21:49  Tempest (Chrono Boost)  
  60  21:50  Pylon, Tempest (Chrono Boost)  
  70  22:06  Tempest (Chrono Boost)  
  75  22:39  Tempest  
Tags
 
Add a new tag
Caveats
  • Supply blocks, unpowered buildings, or Contaminate may cause inaccurate times.
  • Supply counts are checked every 10 seconds.